 Dungeon Crawl Stone Soup version 0.23.0-3-gf3c87f2df8 (webtiles) character file.

Game seed: 9060611783232278980

23 bpy6 the Ruffian (level 2, -1/25 HPs)
             Began as a Naga Transmuter on Feb 22, 2019.
             Slain by a leopard gecko (2 damage)
             ... on level 1 of the Dungeon.
             The game lasted 00:03:12 (843 turns).

bpy6 the Ruffian (Naga Transmuter)                   Turns: 843, Time: 00:03:12

Health: -1/25      AC:  1    Str: 12    XL:     2   Next: 95%
Magic:  4/5        EV: 10    Int: 13    God:
Gold:   37         SH:  0    Dex: 11    Spells: 4/5 levels left

rFire    . . .     SeeInvis +     - Unarmed
rCold    . . .     Gourm    .   (no shield)
rNeg     . . .     Faith    .   b - +0 robe
rPois    +         Spirit   .   (no helmet)
rElec    .         Reflect  .   (no cloak)
rCorr    .         Harm     .   (no gloves)
MR       .....                  (no barding)
Stlth    ++........             (no amulet)
HPRegen  0.08/turn              (no ring)
MPRegen  0.09/turn              (no ring)

@: appendage, very slow
A: large, horns 2, see invisible, deformed body, poison resistance, slowness 2,
slow metabolism 1, spit poison 1, AC +0
a: Spit Poison, End Transformation


You were on level 1 of the Dungeon.
You were not hungry.
You had grown temporary horns.
You visited 1 branch of the dungeon, and saw 1 of its levels.

You collected 37 gold pieces.

Inventory:

Hand Weapons
 e - a +0 vampiric dagger
Missiles
 a - 46 arrows
Armour
 b - a +0 robe (worn)
Scrolls
 c - a scroll of enchant armour {unknown}
 f - a scroll of identify {unknown}
 g - a scroll of teleportation {unknown}
Comestibles
 d - 2 rations


   Skills:
 - Level 1.0 Fighting
 - Level 1.5 Dodging
 + Level 1.8 Stealth
 + Level 3.2 Unarmed Combat
 + Level 2.3 Spellcasting
 + Level 2.3 Transmutations


You had 4 spell levels left.
You knew the following spells:

 Your Spells              Type           Power        Failure   Level  Hunger
a - Beastly Appendage     Tmut           #.....       10%         1    #......

Your spell library contained the following spells:

 Spells                   Type           Power        Failure   Level  Hunger
 Sticks to Snakes         Tmut           #.......     14%         2    ###....
 Spider Form              Tmut/Pois      #.........   41%         3    ###....
 Ice Form                 Ice/Tmut       #.......     83%         4    #####..
 Blade Hands              Tmut           #.........   95%         5    ######.


Dungeon Overview and Level Annotations

Branches:
Dungeon (1/15)

Altars:


Innate Abilities, Weirdness & Mutations

You cannot wear boots.
Your serpentine skin is tough. (AC +0)
You have supernaturally acute eyesight. (SInv)
Armour fits poorly on your strangely shaped body.
Your system is resistant to poisons. (rPois)
You cover ground very slowly.
You have a slow metabolism.
You can spit poison.
You have a pair of horns on your head.


Message History

You hit the hobgoblin.
You kill the hobgoblin!
The leopard gecko barely misses you.
You aren't carrying any potions.
You closely miss the leopard gecko. The leopard gecko bites you.
* * * LOW HITPOINT WARNING * * *
You closely miss the leopard gecko.
Your horns disappear.
The leopard gecko bites you but does no damage.
Casting: Beastly Appendage (safe; 10% risk of failure)
Confirm with . or Enter, or press ? or * to list all spells.
You grow a pair of large bovine horns.
The leopard gecko barely misses you.
You hit the leopard gecko.
The leopard gecko is heavily wounded.
The leopard gecko bites you.
* * * LOW HITPOINT WARNING * * *
You miss the leopard gecko.
The leopard gecko is heavily wounded.
The leopard gecko bites you.
You die...

...#.##.#......#
...#......#.#### #########
....##......## #........
..#.......#..### #........
..#.......#....# #.......[
..........##...# #........
..........###..# ###...$....
..#........#..####..........
................@lg#........
...###......##.#####........
#..#Z#...##......##.........
..#####.....................
###...##..#.##....#####.....
###.>.'.....##....# ....>
.##...##..#^##.(.## .....
####.####........# ....
#Z#.#c##......... ...


You could see a leopard gecko and a goblin.

Vanquished Creatures
  6 goblins (D:1)
  2 hobgoblins (D:1)
  2 kobolds (D:1)
  5 bats (D:1)
  4 frilled lizards (D:1)
  A rat (D:1)
20 creatures vanquished.

Notes
Turn   | Place    | Note
-------+----------+-------------------------------------------
     0 | D:1      | bpy6 the Naga Transmuter began the quest for the Orb.
     0 | D:1      | Reached XP level 1. HP: 18/18 MP: 3/3
     2 | D:1      | Noticed an ogre
     4 | D:1      | Noticed a felid
     8 | D:1      | Noticed a felid
    14 | D:1      | Noticed a minotaur skeleton
    16 | D:1      | Noticed a vine stalker
    18 | D:1      | Noticed a centaur
   131 | D:1      | Reached skill level 1 in Stealth
   131 | D:1      | Reached XP level 2. HP: 16/25 MP: 3/5
   842 | D:1      | HP: 1/25 [leopard gecko (4)]
   843 | D:1      | Slain by a leopard gecko

Skill      XL: |  1 |
---------------+----+-----
Stealth        | 1 |  1.8
Fighting       | |  1.0
Dodging        | |  1.5
Unarmed Combat | |  3.2
Spellcasting   | |  2.3
Transmutations | |  2.3

Action                   || total
-------------------------++-------
Melee: Unarmed           ||    68
       Headbutt          ||     7
 Cast: Beastly Appendage ||    14
Armor: Robe              ||    22
Dodge: Dodged            ||    54
